 Dungeon Crawl Stone Soup version 0.19.0 (webtiles) character file.

563 Jorund the Chopper (level 7, -2/50 HPs)
             Began as a Demonspawn Gladiator on Nov 1, 2016.
             Slain by Edmund
             ... wielding a +0 dire flail of draining
              (4 damage)
             ... on level 4 of the Dungeon.
             The game lasted 00:06:25 (2549 turns).

Jorund the Chopper (Demonspawn Gladiator)           Turns: 2549, Time: 00:06:26

Health: -2/50      AC:  9    Str: 22    XL:     7   Next: 10%
Magic:  7/7        EV: 11    Int: 10    God:
Gold:   107        SH:  0    Dex: 13    Spells: 0 memorised, 6 levels left

rFire  . . .     SeeInvis .     a - +0 war axe
rCold  . . .     Gourm    .     b - +0 leather armour
rNeg   . . .     Faith    .     (no shield)
rPois  .         Spirit   .     c - +0 helmet
rElec  .         Reflect  .     o - +0 cloak
rCorr  .         Harm     .     (no gloves)
MR     .....                    (no boots)
Stlth  ++........               (no amulet)
                                (no ring)
                                (no ring)

@: mighty, heavily drained
A: iridescent scales 2, nightstalker 1, powered by death 2
a: no special abilities


You were on level 4 of the Dungeon.
You were not hungry.

You visited 1 branch of the dungeon, and saw 4 of its levels.
You also visited: Sewer.

You collected 107 gold pieces.

Inventory:

Hand Weapons
 a - a +0 war axe (weapon)
 n - a cursed -2 spear
 u - a +2 whip of electrocution
Missiles
 d - 3 throwing nets (quivered)
Armour
 b - a +0 leather armour (worn)
 c - a +0 helmet (worn)
 o - a +0 cloak (worn)
Wands
 s - a wand of confusion (26/48)
Scrolls
 h - 2 scrolls of recharging {unknown}
 i - a scroll of enchant weapon {unknown}
 k - 2 scrolls of identify {unknown}
 l - 2 scrolls of magic mapping {unknown}
 m - a scroll of remove curse {unknown}
 t - a scroll of fog {unknown}
 v - 2 scrolls of noise {unknown}
Potions
 p - 2 potions of degeneration {unknown}
 q - 2 potions of curing {unknown}
 r - a potion of cancellation {unknown}
 w - a potion of heal wounds {unknown}
 x - 3 potions of flight {unknown}
 z - 3 potions of cure mutation {unknown}
Comestibles
 f - 4 bread rations
 g - 2 beef jerkies
 j - 2 meat rations


   Skills:
 - Level 2.0(0.0) Fighting
 + Level 6.8(4.5) Axes
 - Level 1.7(0.0) Throwing
 + Level 2.7(0.8) Armour
 - Level 2.6(0.7) Dodging


You had 6 spell levels left.
You didn't know any spells.

Dungeon Overview and Level Annotations

Branches:
Dungeon (4/15)
 Temple: D:4-7

Altars:
Fedhas

Annotations:
D:4 Edmund


Innate Abilities, Weirdness & Mutations

You are mostly covered in iridescent scales. (AC +4)
You are slightly more attuned to the shadows.
You regenerate health from kills.


Message History

Edmund is heavily wounded.
Edmund hits you with a dire flail of draining!
You feel drained.
Unknown command.
You feel very mighty all of a sudden.
Edmund hits you with a dire flail of draining!
* * * LOW HITPOINT WARNING * * *
You feel drained.
* * * LOW HITPOINT WARNING * * *
You are too injured to fight recklessly!
You slash Edmund!
Edmund is severely wounded.
Edmund closely misses you.
Unknown command.
You hit Edmund.
Edmund is severely wounded.
Edmund hits you with a dire flail of draining!
* * * LOW HITPOINT WARNING * * *
You feel drained.
You die...

#.........#..
#.........#.#
#.........'.
#.........###
#...........#
#....).@....##
#.....@......#
########'##..#
#........#
#........#
##.[.######
#..)## #(#####
#.#...#
#.)...#


You could see Edmund.

Vanquished Creatures
  Grinder (D:3)
  A big kobold (Sewer)
  2 orc priests
  Natasha (twice) (D:3)
  Terence (D:2)
  Robin (D:3)
  2 adders (D:2)
  2 river rats (Sewer)
  A worm (D:2)
  3 dart slugs (D:1)
  8 leopard geckos
  12 orcs
  2 ball pythons
  5 giant cockroaches
  16 goblins
  7 hobgoblins
  4 jackals
  12 kobolds
  A quokka (D:2)
  6 bats
  5 frilled lizards
  A jackal skeleton (D:4)
  6 rats
101 creatures vanquished.

Notes
Turn   | Place    | Note
-------+----------+-------------------------------------------
     0 | D:1      | Jorund the Demonspawn Gladiator began the quest for the Orb.
     0 | D:1      | Reached XP level 1. HP: 16/16 MP: 1/1
   169 | D:1      | Reached skill level 3 in Axes
   202 | D:1      | Gained mutation: You regenerate a little health from kills. [demonic ancestry]
   202 | D:1      | Reached XP level 2. HP: 20/22 MP: 2/2
   376 | D:1      | Gained mutation: You are partially covered in iridescent scales. (AC +2) [demonic ancestry]
   376 | D:1      | Reached XP level 3. HP: 24/27 MP: 3/3
   948 | D:2      | Reached skill level 4 in Axes
  1111 | D:2      | Noticed Terence
  1128 | D:2      | Killed Terence
  1128 | D:2      | Reached skill level 1 in Armour
  1128 | D:2      | Gained mutation: You are slightly more attuned to the shadows. [demonic ancestry]
  1128 | D:2      | Reached XP level 4. HP: 31/33 MP: 4/4
  1571 | D:3      | Noticed Grinder
  1587 | D:3      | Killed Grinder
  1587 | D:3      | Reached skill level 5 in Axes
  1587 | D:3      | Gained mutation: You regenerate health from kills. [demonic ancestry]
  1587 | D:3      | Reached XP level 5. HP: 16/38 MP: 5/5
  1587 | D:3      | Gained mutation: You are mostly covered in iridescent scales. (AC +4) [demonic ancestry]
  1587 | D:3      | Reached XP level 6. HP: 18/44 MP: 6/6
  1663 | D:3      | Noticed Robin
  1899 | D:3      | Found a blossoming altar of Fedhas.
  1957 | D:3      | Noticed Natasha
  1965 | D:3      | Killed Natasha
  1996 | D:3      | Found a glowing drain.
  2010 | Sewer    | Entered a sewer
  2030 | Sewer    | Reached skill level 6 in Axes
  2126 | Sewer    | Found a white marble altar of Elyvilon.
  2242 | D:3      | Killed Robin
  2291 | D:3      | Noticed Natasha
  2298 | D:3      | Killed Natasha
  2394 | D:3      | Reached XP level 7. HP: 48/50 MP: 7/7
  2531 | D:4      | Noticed Edmund
  2549 | D:4      | HP: 2/50 [Edmund/dire flail of draining (9)]
  2549 | D:4      | Slain by Edmund

Skill      XL: |  1  2  3  4  5  6 |
---------------+-------------------+-----
Axes           | 3 4 5 6 |  6.8
Armour         | 1 2 |  2.7
Fighting       | |  2.0
Throwing       | |  1.7
Dodging        | |  2.6

Action                   |  1- 3 |  4- 6 |  7- 9 || total
-------------------------+-------+-------+-------++-------
Melee: War axe           |    95 |   188 |    33 ||   316
  Use: Potion            |       |     1 |     1 ||     2
 Stab: Sleeping          |     2 |     7 |     1 ||    10
  Eat: Chunk             |       |     5 |     1 ||     6
Armor: Leather armour    |    39 |    69 |     9 ||   117
Dodge: Dodged            |    67 |   148 |    20 ||   235
